 Dungeon Sprint DCSS version 0.23-a0-78-gc252fe1 (webtiles) character file.

139 Kidiri the Thaumaturge (level 5, 0/28 HPs)
             Began as a Deep Elf Fire Elementalist on Aug 10, 2018.
             Slain by a soul eater (1 damage)
             ... summoned by a kobold demonologist
             ... in the Dungeon (Sprint III: "The Ten Rune Challenge").
             The game lasted 00:03:12 (500 turns).

Kidiri the Thaumaturge (Deep Elf Fire Elementalist)  Turns: 500, Time: 00:03:12

Health: 0/28       AC:  1    Str:  5    XL:     5   Next: 1%
Magic:  3/19       EV: 12    Int: 21    God:
Gold:   33         SH:  0    Dex: 15    Spells: 10/23 levels left

rFire    . . .     SeeInvis .   (no weapon)
rCold    . . .     Gourm    .   (no shield)
rNeg     . . .     Faith    .   a - +0 robe
rPois    .         Spirit   .   (no helmet)
rElec    .         Reflect  .   (no cloak)
rCorr    .         Harm     .   (no gloves)
MR       .....     Rnd*Rage +   (no boots) Stlth ++........NoTele +
                                (no amulet)
HPRegen  0.09/turn              (no ring)
MPRegen  0.16/turn              (no ring)

@: drained
A: berserk 1, deformed body, wild magic 1, sturdy frame 1
a: no special abilities


You were in the Dungeon.
You were not hungry.

You visited 1 branch You collected 33 gold pieces.

Inventory:

Armour
 a - a +0 robe (worn)
Wands
 j - a wand of flame (24)
Scrolls
 b - a scroll of holy word
 i - a scroll of blinking
 l - 3 scrolls of remove curse {unknown}
 n - a scroll of immolation
Potions
 d - a potion of curing
 f - 2 potions of haste
 g - 2 potions of magic
 h - a potion of berserk rage
 m - 3 potions of flight
Comestibles
 c - 3 rations


   Skills:
 - Level 2.4(1.3) Dodging
 - Level 2.4(1.4) Stealth
 * Level 9.7(8.4) Spellcasting
 + Level 5.4(4.3) Conjurations
 + Level 6.3(5.2) Fire Magic


You had 10 spell levels left.
You knew the following spells:

 Your Spells              Type           Power        Failure   Level  Hunger
a - Flame Tongue          Conj/Fire      #####        2%          1    None
b - Throw Flame           Conj/Fire      #####.       3%          2    None
c - Conjure Flame         Conj/Fire      #####...     5%          3    None
d - Inner Flame           Hex/Fire       ####....     12%         3    None
e - Sticky Flame          Conj/Fire      #####...     16%         4    ###....

Your spell library contained the following spells:

 Spells                   Type           Power        Failure   Level  Hunger
 Fireball                 Conj/Fire      #####.....   38%         5    #####..


Dungeon Overview and Level Annotations

Branches:
Dungeon (1/1)

Altars:
Kikubaaqudgha
Sif Muna
Vehumet


Innate Abilities, Weirdness & Mutations

You tend to lose your temper in combat.
Armour fits poorly on your strangely shaped body.
Your spells are a little harder to cast, but a little more powerful.
Your movements are slightly less encumbered by armour. (ER -2)


Message History

Ouch! That really hurt!
* * * LOW HITPOINT WARNING * * *
You feel drained.
* * * LOW HITPOINT WARNING * * *
The kobold demonologist casts a cantrip, but nothing happens.
Unknown command.
You feel much better. The soul eater barely misses you.
You hit the soul eater but do no damage.
The soul eater barely misses you. The soul eater hits you!
You feel drained.
Casting: Sticky Flame (safe; 13% risk of failure)
Confirm with . or Enter, or press ? or * to list all spells.
Aiming: Sticky Flame (safe; 13% risk of failure)
Press: ? - help, Shift-Dir - straight line, f - soul eater
Aim: a soul eater (summoned)
The sticky flame hits the soul eater.
The soul eater appears unharmed.
The soul eater is covered in liquid flames!
The soul eater burns!
The soul eater hits you. The soul eater hits you!
* * * LOW HITPOINT WARNING * * *
You feel drained.
You die...

.#......#####..#
##.......#..#..#
.##.##...#..#..###+#+###+
.##.###..##+#..#.........
####.##[.###...'.⌠.......
##..##..####...#...######
....##..###....#.⌠.#
#..##...##.....#...#
..##....#......#@###
.###..##.#.....#33$# .#
#..#####....#5K_# ▓▓ ▓▓▓▓
▓▓▓▓▓▓▓▓▓▓


You could see 2 soul eaters, a kobold demonologist and a shadow imp.

Vanquished Creatures
  A water elemental (D)
  Jessica (D)
  A wizard (D)
  A human (D)
  An ooze (D)
  A phantom (D)
  A rat (D)
7 creatures vanquished.

Vanquished Creatures (others)
  2 draconian scorchers (D)
  6 hellions (D)
  A yaktaur (D)
  A plant (D)
10 creatures vanquished.

Grand Total: 17 creatures vanquished

Notes
Turn   | Place    | Note
-------+----------+-------------------------------------------
     0 | D        | Kidiri the Deep Elf Fire Elementalist began the quest for the Orb.
     0 | D        | Reached XP level 1. HP: 10/10 MP: 6/6
     8 | D        | Reached skill level 4 in Spellcasting
    25 | D        | Killed a yaktaur
    56 | D        | Noticed Jessica
    60 | D        | Killed Jessica
    60 | D        | Reached skill level 6 in Spellcasting
    60 | D        | Reached XP level 2. HP: 7/15 MP: 7/11
    60 | D        | Reached XP level 3. HP: 9/19 MP: 7/12
    64 | D        | Learned a level 2 spell: Throw Flame
    68 | D        | Learned a level 3 spell: Conjure Flame
    72 | D        | Learned a level 3 spell: Inner Flame
    75 | D        | Killed a hellion
    75 | D        | Killed a hellion
    75 | D        | Killed a hellion
   136 | D        | Killed a hellion
   188 | D        | Killed a white draconian scorcher
   202 | D        | Killed a white draconian scorcher
   235 | D        | Reached skill level 7 in Spellcasting
   235 | D        | Reached skill level 5 in Fire Magic
   286 | D        | Killed a hellion
   289 | D        | Killed a hellion
   398 | D        | Gained mutation: You occasionally shout uncontrollably at your foes. [potion of mutation]
   398 | D        | Gained mutation: You are agile. (Dex +2) [potion of mutation]
   399 | D        | Lost mutation: You are agile. (Dex +2) [potion of mutation]
   399 | D        | Lost mutation: You occasionally shout uncontrollably at your foes. [potion of mutation]
   399 | D        | Gained mutation: Armour fits poorly on your strangely shaped body. [potion of mutation]
   399 | D        | Gained mutation: You are clumsy. (Dex -2) [potion of mutation]
   399 | D        | Gained mutation: Your system is resistant to poisons. (rPois) [potion of mutation]
   400 | D        | Lost mutation: You are clumsy. (Dex -2) [potion of mutation]
   400 | D        | Lost mutation: Armour fits poorly on your strangely shaped body. [potion of mutation]
   400 | D        | Lost mutation: Your system is resistant to poisons. (rPois) [potion of mutation]
   400 | D        | Gained mutation: You are frail. (-10% HP) [potion of mutation]
   400 | D        | Gained mutation: Armour fits poorly on your strangely shaped body. [potion of mutation]
   400 | D        | Gained mutation: You are resistant to hostile enchantments. (MR+) [potion of mutation]
   401 | D        | Lost mutation: You are frail. (-10% HP) [potion of mutation]
   401 | D        | Gained mutation: You are highly resistant to hostile enchantments. (MR++) [potion of mutation]
   401 | D        | Gained mutation: Your magical capacity is low. (-10% MP) [potion of mutation]
   401 | D        | Gained mutation: Your movements are slightly less encumbered by armour. (ER -2) [potion of mutation]
   402 | D        | Lost mutation: You are highly resistant to hostile enchantments. (MR++) [potion of mutation]
   402 | D        | Lost mutation: You are resistant to hostile enchantments. (MR+) [potion of mutation]
   402 | D        | Lost mutation: Your magical capacity is low. (-10% MP) [potion of mutation]
   402 | D        | Gained mutation: You tend to lose your temper in combat. [potion of mutation]
   402 | D        | Gained mutation: Your spells are a little harder to cast, but a little more powerful. [potion of mutation]
   424 | D        | Noticed a water elemental
   428 | D        | Killed a water elemental
   428 | D        | Reached skill level 9 in Spellcasting
   428 | D        | Reached skill level 5 in Conjurations
   428 | D        | Reached XP level 4. HP: 24/24 MP: 7/17
   434 | D        | Learned a level 4 spell: Sticky Flame
   492 | D        | Found a radiant altar of Vehumet.
   493 | D        | Found a deep blue altar of Sif Muna.
   493 | D        | Found an ancient bone altar of Kikubaaqudgha.
   493 | D        | Noticed a wizard
   495 | D        | Noticed a soul eater
   496 | D        | Killed a wizard
   496 | D        | Reached XP level 5. HP: 24/28 MP: 10/19
   497 | D        | Noticed a soul eater
   500 | D        | HP: 1/28 [soul eater[a kobold demonologist] (10)]
   500 | D        | Slain by a soul eater

Vault maps used:
D:        dungeon_sprint_mu

Skill      XL: |  1  2  3 |
---------------+----------+-----
Spellcasting   | 6 9 |  9.7
Conjurations   | 3 5 |  5.4
Fire Magic     | 4 6 |  6.3
Dodging        | |  2.4
Stealth        | |  2.4

Action                   |  1- 3 |  4- 6 || total
-------------------------+-------+-------++-------
Melee: Unarmed           |       |     1 ||     1
 Cast: Flame Tongue      |    19 |     1 ||    20
       Conjure Flame     |     1 |       ||     1
       Sticky Flame      |       |     3 ||     3
       Inner Flame       |       |     1 ||     1
  Use: Potion            |     5 |     1 ||     6
       Scroll            |     2 |       ||     2
Dodge: Dodged            |     4 |     8 ||    12

Table legend:
 A = Non-vault XP
 B = Vault XP
 C = Vault XP percentage of total XP
 D = Non-vault monster count
 E = Vault monster count
 F = Vault count percentage of total count
 G = Total turns spent on level
                 A         B        C        D         E       F
            +---------+---------+-------+---------+---------+-------
      Total |       0 |     199 | 100.0 |       0 |       7 | 100.0
            +---------+---------+-------+---------+---------+-------
          D |       0 |     199 | 100.0 |       0 |       7 | 100.0
            +---------+---------+-------+---------+---------+-------
